 Dungeon Crawl Stone Soup version 0.25-b1-37-g2669288c55 (webtiles) character file.

Game seed: 8282697808326073485

1054 Elvor the Chopper (level 8, -1/73 HPs)
             Began as a Deep Dwarf Fighter on June 4, 2020.
             Was an Initiate of Elyvilon.
             Slain by an orc warrior
             ... wielding a +0 dire flail
              (20 damage)
             ... on level 6 of the Dungeon.
             The game lasted 00:59:29 (4794 turns).

Elvor the Chopper (Deep Dwarf Fighter)              Turns: 4794, Time: 00:59:29

Health: -1/73      AC: 12    Str: 22    XL:     8   Next: 5%
Magic:  7/7        EV:  5    Int:  9    God:    Elyvilon [......]
Gold:   230        SH: 10    Dex: 12    Spells: 7/7 levels left

rFire    . . .     SeeInvis +   C - +0 hand axe (vorpal)
rCold    . . .     Gourm    .   c - +0 kite shield
rNeg     . . .     Faith    .   i - +0 plate armour
rPois    .         Spirit   .   (no helmet)
rElec    .         Reflect  .   (no cloak)
rCorr    +         Harm     .   (no gloves)
MR       +....                  (no boots)
Stlth    ..........             (no amulet)
HPRegen  0.00/turn              j - ring of see invisible
MPRegen  0.10/turn              w - ring of resist corrosion

@: non-regenerating
A: damage resistance, heal wounds, sense surroundings 1, no regeneration
a: Heal Wounds, Renounce Religion


You were on level 6 of the Dungeon.
You worshipped Elyvilon.
Elyvilon was noncommittal.
You were not hungry.

You visited 2 branches of the dungeon, and saw 7 of its levels.
You also visited: Sewer.

You collected 230 gold pieces.

Inventory:

Hand Weapons
 a - a +0 war axe
 o - a +1 dagger of venom
 t - a +2 scythe of flaming
 v - a +1 spear of venom
 C - a +0 vorpal hand axe (weapon)
Missiles
 g - 34 poisoned darts (quivered)
 p - 2 datura-tipped darts
Armour
 c - a +0 kite shield (worn)
 i - a +0 plate armour (worn)
 z - a +0 ring mail of magic resistance
 H - a cursed +0 leather armour
Jewellery
 j - a ring of see invisible (left hand)
 w - a ring of resist corrosion (right hand)
 F - an uncursed ring of magical power
Wands
 b - a wand of iceblast (6)
 m - a wand of flame (20)
 s - a wand of disintegration (30)
Scrolls
 k - 3 scrolls of magic mapping
 l - a scroll of fog {unknown}
 n - 3 scrolls of remove curse
 q - 3 scrolls of fear
 r - 2 scrolls of enchant weapon {unknown}
 x - a scroll of random uselessness {unknown}
 y - 3 scrolls of enchant armour
 D - a scroll of teleportation {unknown}
 E - a scroll of immolation {unknown}
Potions
 d - 2 potions of might
 e - a potion of invisibility {unknown}
 h - a potion of haste {unknown}
 A - 4 potions of curing
 B - a potion of degeneration {unknown}
 G - a potion of stabbing {unknown}
Comestibles
 f - 11 rations


   Skills:
 + Level 4.5 Fighting
 + Level 6.8 Axes
 + Level 0.6 Throwing
 + Level 5.6 Armour
 * Level 1.3 Dodging
 + Level 0.4 Stealth
 + Level 5.4 Shields


You had 7 spell levels left.
You didn't know any spells.
Your spell library was empty.

Dungeon Overview and Level Annotations

Branches:
Dungeon (6/15)             Temple (1/1) D:5           Sewer (visited)

Altars:
Ashenzari
Cheibriados
Dithmenos
Elyvilon
Fedhas
Gozag
Makhleb
Nemelex Xobeh
Okawaru
Qazlal
Ru
Sif Muna
Trog
Uskayaw
Vehumet
Wu Jian
Xom
Yredelemnul
Zin
The Shining One

Annotations:
D:6 Dowan, Duvessa


Innate Abilities, Weirdness & Mutations

You are resistant to damage.
You can heal yourself by infusing magical energy.
You passively map a small area around you.
You do not regenerate.


Message History

You closely miss Duvessa.
Duvessa is severely wounded.
You completely miss Dowan.
You hit the orc warrior but do no damage.
You block Dowan's attack. The orc warrior barely misses you.
You block Duvessa's attack.
You hit Duvessa but do no damage.
Duvessa is severely wounded.
Your shield and plate armour prevent you from hitting the orc warrior.
You closely miss Dowan. Duvessa hits you but does no damage.
Dowan hits you but does no damage.
The orc warrior hits you with a +0 dire flail!
* * * LOW HITPOINT WARNING * * *
Duvessa hits you with a +1 short sword of flaming.
Duvessa burns you.
You hit Duvessa.
Duvessa is severely wounded.
You miss Dowan. You barely miss the orc warrior. You block Dowan's attack.
The orc warrior hits you with a +0 dire flail!!
You die...

#.....#.....##########'####...>#.
#.....#......'...'........#....'P
#.....#......#...#........#....#.
#......#...#........'....#.
,#......#...#........#....##
,########...#.......##.....#
#.....##...#.......########
#......'..e#............... ,
,#.....##.o@##.##...##......
#.....###e###########......
#.....#..o................. *
#.....#....o............... ,,
#.....#.....o.............. >
,####..##...##)########....# * ,,
#'####+###e##. .###....# ,
,,,#.........e... ......... * ,
#.....o...oe..,.........


You could see Duvessa (fast), an orc warrior, Dowan and an orc wizard
(invisible).

Vanquished Creatures
  Sigmund (D:6)
  A necrophage (D:5)
  A centaur (D:5)
  2 bullfrogs (Sewer)
  A gnoll sergeant (D:6)
  4 hounds
  2 orc priests (D:5)
  A centaur skeleton (D:5)
  Ijyb (D:5)
  An orc wizard (D:3)
  2 worker ants
  A worker ant zombie (D:5)
  7 adders
  3 gnolls (D:6)
  A shadow imp (D:5)
  2 adder skeletons (D:4)
  4 worms
  2 dart slugs
  5 leopard geckos
  9 orcs
  5 bats
  12 giant cockroaches
  6 goblins
  6 hobgoblins
  2 jackals (D:6)
  3 quokkas
  6 ball pythons
  6 frilled lizards
  4 kobolds
  A leopard gecko skeleton (D:3)
  A quokka skeleton (D:5)
  A quokka zombie (D:5)
  24 rats
  3 plants (D:1)
131 creatures vanquished.

Notes
Turn   | Place    | Note
-------+----------+-------------------------------------------
     0 | D:1      | Elvor the Deep Dwarf Fighter began the quest for the Orb.
     0 | D:1      | Reached XP level 1. HP: 20/20 MP: 1/1
   144 | D:1      | Reached XP level 2. HP: 25/27 MP: 2/2
   909 | D:2      | Reached XP level 3. HP: 32/34 MP: 3/3
  1310 | D:3      | Found a sparkling altar of Nemelex Xobeh.
  1398 | D:3      | Found a snail-covered altar of Cheibriados.
  1601 | D:3      | Reached skill level 3 in Axes
  1601 | D:3      | Reached XP level 4. HP: 36/42 MP: 4/4
  1677 | D:3      | Found a glowing drain.
  1694 | Sewer    | Entered a sewer
  1938 | Sewer    | Noticed a bullfrog
  1939 | Sewer    | Noticed a bullfrog
  1944 | Sewer    | Killed a bullfrog
  1944 | Sewer    | Reached XP level 5. HP: 34/49 MP: 5/5
  1947 | Sewer    | Reached skill level 4 in Axes
  2522 | D:4      | Reached XP level 6. HP: 56/56 MP: 5/5
  2974 | D:4      | Found a bloodstained altar of Trog.
  3155 | D:4      | Reached skill level 5 in Axes
  3459 | D:5      | Entered Level 5 of the Dungeon
  3459 | D:5      | Noticed Ijyb
  3481 | D:5      | Killed Ijyb
  3621 | D:5      | Reached skill level 5 in Armour
  3621 | D:5      | Reached XP level 7. HP: 37/64 MP: 6/6
  3686 | D:5      | Found a staircase to the Ecumenical Temple.
  3700 | Temple   | Entered the Ecumenical Temple
  4005 | D:5      | Found a basalt altar of Yredelemnul.
  4124 | D:5      | Reached skill level 6 in Axes
  4166 | D:5      | Found a glowing golden altar of the Shining One.
  4173 | D:5      | Became a worshipper of the Shining One
  4432 | D:6      | Noticed Sigmund
  4453 | D:6      | Killed Sigmund
  4453 | D:6      | Reached skill level 1 in Dodging
  4453 | D:6      | Reached skill level 5 in Shields
  4463 | D:6      | Found a white marble altar of Elyvilon.
  4475 | D:6      | Fell from the grace of the Shining One
  4475 | D:6      | Became a worshipper of Elyvilon the Healer
  4519 | D:6      | Reached XP level 8. HP: 27/73 MP: 7/7
  4530 | D:6      | Found a shattered altar of Ashenzari.
  4543 | D:6      | Found a radiant altar of Vehumet.
  4545 | D:6      | Found a shimmering altar of Xom.
  4747 | D:6      | Noticed Dowan
  4764 | D:6      | Noticed Duvessa
  4794 | D:6      | Slain by an orc warrior

Illustrated notes

Levels and vault maps discovered:
D:1:      dpeg_arrival_ternary, layout_basic, minmay_shallow_snake_nest
D:2:      layout_basic, chequers_serial_rivers_marsh
D:3:      layout_basic, cheibriados_altar_1, cheibrodos_sewer_entry_drain,
          moated_statue, kennysheep_nub, roderic_lattice_a,
          nemelex_spade_bored_becter
D:4:      layout_basic, kennysheep_little_box, first_ration, minmay_rat_hole
D:5:      layout_gridville, minmay_temple_entry_arrows, basic_altar,
          tso_metal_star, uniq_ijyb
D:6:      layout_gridville, kennysheep_mini_moat, overflow_temple_1_default,
          gammafunk_temple_overflow_forgotten, basic_altar, uniq_sigmund,
          uniq_duvessa
Temple:   dshaligram_water_room_temple

Skill      XL: |  1  2  3  4  5  6  7 |
---------------+----------------------+-----
Fighting       | 3 4 |  4.5
Axes           | 3 4 5 6 |  6.8
Armour         | 4 5 |  5.6
Shields        | 4 5 |  5.4
Dodging        | 1 |  1.3
Throwing       | |  0.6
Stealth        | |  0.4

Action                   |  1- 3 |  4- 6 |  7- 9 || total
-------------------------+-------+-------+-------++-------
Melee: War axe           |   166 |   294 |    13 ||   473
       Hand axe          |       |       |   132 ||   132
Throw: Dart              |     2 |     2 |     6 ||    10
 Abil: Heal Wounds       |       |     2 |     3 ||     5
  Use: Scroll            |       |     5 |     1 ||     6
  Eat: Ration            |     1 |     2 |       ||     3
       Chunk             |     1 |     1 |     2 ||     4
Armor: Plate armour      |    71 |   212 |    88 ||   371
       Scale mail        |     3 |       |       ||     3
Dodge: Dodged            |     8 |    66 |    29 ||   103
Block: Kite shield       |    58 |   189 |    97 ||   344
